 Dungeon Crawl Stone Soup version 0.29-a0-857-g9b1aa3ac5b (webtiles) character file.

Game seed: 16245385685340565672

6 concernfroge the Trooper (level 1, -27/18 HPs)
             Began as a Mummy Monk on July 17, 2022.
             Killed by an exploding frilled lizard (45 damage)
             ... ignited by their inner flame
             ... on level 1 of the Dungeon.
             The game lasted 00:00:50 (254 turns).

concernfroge the Trooper (Mummy Monk)                Turns: 254, Time: 00:00:51

Health: -27/18     AC:  2    Str: 14    XL:     1   Next: 75%
Magic:  1/1        EV: 12    Int:  9    God:
Gold:   0          SH:  0    Dex: 14    Spells: 0/0 levels left

rFire   x . .      SeeInvis .   a - +0 hand axe
rCold   + . .      Faith    .   (no shield)
rNeg    + + +      Spirit   .   b - +0 robe
rPois   ∞          Reflect  .   (no helmet)
rElec   .          Harm     .   (no cloak)
rCorr   .          Rampage  .   (no gloves)
Will    .....                   (no boots)
Stlth   ++........              (no amulet)
HPRegen 0.06/turn               (no ring)
MPRegen 0.07/turn               (no ring)

@: no status effects
A: cold resistance 1, negative energy resistance 3, torment resistance 2, heat
vulnerability 1, no potions
a: no special abilities


You were on level 1 of the Dungeon.
You visited 1 branch of the dungeon, and saw 1 of its levels.

Inventory:

Hand Weapons
 a - a +0 hand axe (weapon)
Armour
 b - a +0 robe (worn)


   Skills:
 + Level 3.4 Fighting
 - Level 2.4 Axes
 - Level 2.4 Dodging
 - Level 1.5 Stealth


You couldn't memorise any spells.
You didn't know any spells.
Your spell library was empty.

Dungeon Overview and Level Annotations

Branches:
Dungeon (1/15)

Altars:

Annotations:
D:1 1 transporter


Innate Abilities, Weirdness & Mutations

You are immune to poison.
Your flesh is cold resistant. (rC+)
You are immune to negative energy. (rN+++)
You are immune to unholy pain and torment.
You are vulnerable to heat. (rF-)
You do not drink.


Message History

The goblin shouts!
A quokka comes into view.
You hit the goblin.
You kill the goblin!
The quokka closely misses you.
Things that are here:
a +0 club; a goblin corpse You closely miss the quokka.
The quokka closely misses you.
You hit the quokka.
You kill the quokka!
No target in view!
d - a scroll labelled BILEANIBLU
Things that are here:
a +0 club; a goblin corpse
Found a whip.
You open the door.
Found 4 stones.
There is an open door here.
You see here 4 stones.
A frilled lizard comes into view.
A frilled lizard comes into view.
A frilled lizard comes into view.
The frilled lizard hisses angrily. x2
A frilled lizard comes into view. x2
The frilled lizard hisses angrily.
A frilled lizard and a hobgoblin come into view.
The hobgoblin shouts!
As you read the scroll labelled DEAFAU NODIRGHO, it crumbles to dust.
The creatures around you are filled with an inner flame!
It was a scroll of immolation.
The frilled lizard hisses angrily.
As you read the scroll labelled BILEANIBLU, it crumbles to dust.
The scroll dissolves into smoke.
It was a scroll of fog.
The frilled lizard completely misses you.
You hit the frilled lizard.
The frilled lizard explodes!
The fiery explosion engulfs the frilled lizard!! x2
The fiery explosion engulfs you!!! The fire burns you terribly!
Ouch! That really hurt!
You die...

#..≈≈≈≈.#.# #.≈≈≈≈≈...#
gl≈≈≈≈≈.. ≈≈l≈≈≈. ≈≈≈≈. §§§
#§# #######@# #.#
#....##§#.#.# #....##§#.#.#
#....##.#.#.# #....##.#.#.#
+....'.(#.#.#
####)...####.#.#
...........#.#.# ##########
######≈......#.###.........


There were no monsters in sight!

Vanquished Creatures
  A goblin (D:1)
  2 quokkas (D:1)
  3 frilled lizards (D:1)
  2 kobolds (D:1)
8 creatures vanquished.

Notes
Turn   | Place    | Note
-------+----------+-------------------------------------------
     0 | D:1      | concernfroge the Mummy Monk began the quest for the Orb.
     0 | D:1      | Reached XP level 1. HP: 18/18 MP: 1/1
   254 | D:1      | Killed by an exploding frilled lizard... ignited by their
                  | inner flame

Illustrated notes

Levels and vault maps discovered:
D:1:      spicycebolla_arrival_risky_transporter, layout_basic,
          chequers_serial_rivers_micro_e, minmay_lizard_pond

Action                   || total
-------------------------++-------
Melee: Hand axe          ||    12
  Use: Scroll            ||     2
 Stab: Sleeping          ||     2
Dodge: Dodged            ||     6

Table legend: (Time is in decaauts)
 A = Elapsed time spent in this place.
 B = Non-inter-level travel time spent in this place.
 C = Inter-level travel time spent in this place.
 D = Time resting spent in this place.
 E = Time spent auto-exploring this place.
 F = Levels seen in this place.
 G = Mean time per level.
                   A        B        C        D        E       F      G
               +--------+--------+--------+--------+--------+-----+--------+
         Total |    255 |    255 |      0 |    119 |     97 |   1 |  255.0 |
       Dungeon |    255 |    255 |      0 |    119 |     97 |   1 |  255.0 |
               +--------+--------+--------+--------+--------+-----+--------+

Top non-repeatable levels by time:
     D:1: 255 daAuts
